[Event "Team 45 45 League T50"]
[Site "Internet Chess Club"]
[Date "2011.08.18"]
[Round "1"]
[White "j316chuck"]
[Black "Theodulf"]
[Result "0-1"]
[WhiteElo "1675"]
[BlackElo "1692"]
[Opening "Petrov: classical attack, Marshall variation"]
[ECO "C42"]
[Time "23:04:44"]
[TimeControl "2700+45"]

1. e4 e5 2. Nf3 Nf6 3. Nxe5 d6 4. Nf3 Nxe4 5. d4 d5 6. Bd3 Bd6 7. Nbd2 O-O 8.
O-O Re8 9. c4 Nf6 10. b3 Nc6 11. c5 Bf4 12. Re1 Bg4 13. Rxe8+ Qxe8 14. Nf1 Bxc1
15. Rxc1 g6 16. Be2 Ne4 17. h3 Nc3 18. Rxc3 Bd7 19. Ng3 Qe7 20. Re3 Qf6 21. Bb5
Kf8 22. Bxc6 bxc6 23. Ne5 Be8 24. Rf3 Qe6 25. Ne2 f6 26. Nf4 Qg8 27. Ng4 f5 28.
Ne5 g5 29. Nfd3 f4 30. Qe2 Kg7 31. Ng4 Kh8 32. Qe5+ Qg7 33. Nf6 Bg6 34. Ng4 Be4
35. Qxg7+ Kxg7 36. Nde5 Bxf3 37. Nxf3 h6 38. Nfe5 a5 39. Nxc6 a4 40. b4 Re8 41.
b5 Re1+ 42. Kh2 a3 43. Nge5 Re2 44. b6 cxb6 45. cxb6 Rxa2 46. b7 Rb2 47. Nd3
Rxb7 48. Ncb4 Ra7 49. Na2 Ra4 50. Nc5 Rc4 51. Nd3 Rxd4 52. Ndb4 Rd2 53. Kg1 Rd1+
54. Kh2 d4 55. g3 fxg3+ 56. Kxg3 Kf6 57. Kf3 Kf5 58. Ke2 Rh1 59. Nc6 Ke4 60. f3+
Kd5 61. Ncb4+ Kc4 62. f4 gxf4 63. Kf3 Rxh3+ 64. Kxf4 d3 65. Kg4 Rh2 {White
resigns} 0-1

[Event "Team 45 45 League T50"]
[Site "Internet Chess Club"]
[Date "2011.08.14"]
[Round "1"]
[White "Whalen"]
[Black "hi12980"]
[Result "0-1"]
[WhiteElo "1558"]
[BlackElo "1462"]
[Opening "Queen's bishop game"]
[ECO "A45"]
[Time "14:00:16"]
[TimeControl "2700+45"]

1. d4 Nf6 2. Bf4 d5 3. Nf3 Nc6 4. e3 Bf5 5. c3 e6 6. Nbd2 Be7 7. Qb3 Rb8 8. Nh4
Be4 9. f3 Bg6 10. Nxg6 hxg6 11. e4 Nh5 12. Be3 Qd7 13. Bd3 Ng3 14. O-O-O Nxh1
15. Rxh1 a6 16. exd5 Qxd5 17. Qc2 f5 18. Bc4 Qd6 19. g3 g5 20. Nb3 b5 21. Bd3 g6
22. Nc5 Kd8 23. Nxa6 Rb7 24. Nc5 Ra7 25. Kb1 Qd5 26. c4 bxc4 27. Bxc4 Qxf3 28.
Nxe6+ Kd7 29. Qc1 Qe4+ 30. Ka1 Nb4 31. Bb3 Nxa2 32. Bxa2 Qxe6 33. Qd2 Qxa2#
{White checkmated} 0-1

[Event "Team 45 45 League T50"]
[Site "Internet Chess Club"]
[Date "2011.08.14"]
[Round "1"]
[White "werdnac"]
[Black "kwameh72"]
[Result "0-1"]
[WhiteElo "1285"]
[BlackElo "1691"]
[Opening "Scandinavian (center counter) defense"]
[ECO "B01"]
[Time "20:04:39"]
[TimeControl "2700+45"]

1. e4 d5 2. Nc3 dxe4 3. Nxe4 Nd7 4. d4 Ngf6 5. f3 e6 6. Bc4 Be7 7. Bf4 O-O 8.
Qd2 c5 9. O-O-O Qb6 10. Be5 Nxe4 11. fxe4 Nxe5 12. dxe5 Rd8 13. Qe2 Bg5+ 14. Kb1
Rxd1+ 15. Qxd1 Qb4 16. Bd3 b6 17. Nf3 Be7 18. c3 Qa5 19. Nd2 Ba6 20. Nc4 Bxc4
21. Bxc4 Rd8 22. Qc2 b5 23. Be2 c4 24. Rf1 Qc7 25. Bh5 g6 26. Bf3 Qxe5 27. h3 a5
28. b3 cxb3 29. Qxb3 b4 30. c4 Bf6 31. c5 Qa1+ 32. Kc2 Qxf1 33. Qb1 Qf2+ 34. Kb3
Qxc5 35. Qc2 Qb5 36. Be2 a4# {White checkmated} 0-1

[Event "Team 45 45 League T50"]
[Site "Internet Chess Club"]
[Date "2011.08.15"]
[Round "1"]
[White "kidviper"]
[Black "Ivio"]
[Result "1/2-1/2"]
[WhiteElo "1894"]
[BlackElo "1723"]
[Opening "QGD: Albin counter-gambit"]
[ECO "D08"]
[Time "13:00:35"]
[TimeControl "2700+45"]

1. d4 d5 2. c4 e5 3. dxe5 d4 4. Nf3 Nc6 5. a3 Bg4 6. Bf4 Nge7 7. e3 Ng6 8. Be2
Qd7 9. Nxd4 Bxe2 10. Nxe2 Qxd1+ 11. Kxd1 O-O-O+ 12. Kc2 Ncxe5 13. b3 Nxf4 14.
Nxf4 Ng4 15. Nh3 Bd6 16. g3 Be5 17. Nc3 Rd6 18. Rad1 Rh6 19. Ng5 Nxf2 20. Nxf7
Nxd1 21. Nxd1 Re8 22. Nxh6 gxh6 23. Re1 Bd6 24. b4 b6 25. Nc3 Re5 26. Nb5 Be7
27. Nxa7+ Kb7 28. Nb5 c6 29. Nc3 Rf5 30. Re2 h5 31. e4 Rg5 32. e5 h4 33. Ne4 Rg6
34. Re3 hxg3 35. Nxg3 Re6 36. Kd3 Bg5 37. Re4 Bc1 38. a4 Bb2 39. b5 Rxe5 40.
Rxe5 Bxe5 41. Ke4 Bd6 42. Nf1 h6 43. h3 h5 44. Ne3 cxb5 45. cxb5 Kc7 46. Nd5+
Kb7 47. Nf6 h4 48. Kf5 Bg3 49. Nd5 Bf2 50. Kg4 Kc8 51. Kf5 Kd7 52. Ke5 Bg3+ 53.
Kd4 Kd6 {Game drawn by mutual agreement} 1/2-1/2

[Event "Team 45 45 League T50"]
[Site "Internet Chess Club"]
[Date "2011.08.15"]
[Round "1"]
[White "Salvatore"]
[Black "RD1974"]
[Result "1-0"]
[WhiteElo "1574"]
[BlackElo "1671"]
[Opening "Richter-Veresov attack"]
[ECO "D01"]
[Time "19:10:06"]
[TimeControl "2700+45"]

1. d4 d5 2. Nc3 Nf6 3. Bg5 Nbd7 4. f3 e5 5. Nxd5 exd4 6. Qxd4 Bc5 7. Bxf6 gxf6
8. Qe4+ Kf8 9. O-O-O c6 10. Nc3 Qa5 11. Qh4 Be3+ 12. Kb1 f5 13. f4 h6 14. Nf3
Bb6 15. e4 Bd8 16. Qe1 Nf6 17. Bc4 b5 18. Bb3 b4 19. Na4 Be6 20. exf5 Bxb3 21.
axb3 Nd5 22. Ne5 Qc7 23. g3 Bf6 24. Ng4 Be7 25. Ne5 Kg7 26. Qe2 h5 27. Qc4 Ne3
28. Qxf7+ Kh6 29. Qg6# {Black checkmated} 1-0

[Event "Team 45 45 League T50"]
[Site "Internet Chess Club"]
[Date "2011.08.16"]
[Round "1"]
[White "kidcobra"]
[Black "krysto"]
[Result "1/2-1/2"]
[WhiteElo "1649"]
[BlackElo "1587"]
[Opening "French: exchange variation"]
[ECO "C01"]
[Time "09:00:46"]
[TimeControl "2700+45"]

1. e4 e6 2. d4 d5 3. exd5 exd5 4. Nf3 Nf6 5. Nc3 Bd6 6. Bd3 O-O 7. O-O Bg4 8.
Bg5 c6 9. Nb1 h6 10. Bh4 Nbd7 11. Nbd2 Re8 12. Re1 Qc7 13. Bg3 Bxg3 14. fxg3
Rxe1+ 15. Qxe1 Re8 16. Qf1 Ne4 17. Re1 Ndf6 18. Bxe4 Nxe4 19. Nxe4 Rxe4 20. Rxe4
dxe4 21. Ne5 Be6 22. Qe2 Qb6 23. c3 Bxa2 24. b4 Bd5 25. Qg4 Qa6 26. h3 Qa1+ 27.
Kh2 Qf1 28. Qc8+ Kh7 29. Ng4 Be6 30. Qe8 Bxg4 31. hxg4 Qd3 32. Qxf7 e3 33. Qf3
Kg8 34. Kg1 Qd2 35. Qe4 Qf2+ 36. Kh2 e2 37. Qe8+ Kh7 38. Qe4+ Kg8 39. Qe8+ Kh7
40. Qe4+ Kg8 {Game drawn by repetition} 1/2-1/2

[Event "Team 45 45 League T50"]
[Site "Internet Chess Club"]
[Date "2011.08.20"]
[Round "1"]
[White "zepled37"]
[Black "Tamarin"]
[Result "0-1"]
[WhiteElo "1629"]
[BlackElo "1901"]
[Opening "Scotch: Schmidt variation"]
[ECO "C45"]
[Time "21:32:42"]
[TimeControl "2700+45"]

1. e4 e5 2. Nf3 Nc6 3. d4 exd4 4. Nxd4 Nf6 5. Nxc6 bxc6 6. Bd3 Bc5 7. O-O d6 8.
Nc3 h6 9. Na4 Bb6 10. Nxb6 axb6 11. Re1 O-O 12. Kh1 Ng4 13. Qe2 Qh4 14. h3 Nxf2+
15. Kg1 Nxd3 16. cxd3 Ba6 17. Qf3 Qxe1+ {White resigns} 0-1

[Event "Team 45 45 League T50"]
[Site "Internet Chess Club"]
[Date "2011.08.12"]
[Round "1"]
[White "badmove"]
[Black "bmw2002"]
[Result "1-0"]
[WhiteElo "1770"]
[BlackElo "1543"]
[Opening "King's Indian: 5.Nf3"]
[ECO "E90"]
[Time "16:04:11"]
[TimeControl "2700+45"]

1. d4 Nf6 2. c4 g6 3. Nc3 Bg7 4. e4 d6 5. Nf3 O-O 6. h3 e5 7. d5 a5 8. Bg5 Na6
9. Nd2 Nc5 10. Nb3 b6 11. Nxc5 bxc5 12. Be2 Bd7 13. O-O Qc8 14. Qd2 Ne8 15. Be7
f5 16. Bxf8 Bxf8 17. f3 f4 18. Kf2 Be7 19. Ke1 Ng7 20. Kd1 Nh5 21. Rg1 Ng3 22.
Qc2 g5 23. Kd2 h5 24. Bd3 g4 25. Ne2 gxf3 26. gxf3 h4 27. Nxg3 fxg3 28. Bf1 Bg5+
29. Kd3 Bxh3 30. Bxh3 Qxh3 31. Rh1 Qd7 32. Rag1 Rf8 33. Qg2 Rf6 34. b3 a4 35.
Qh3 Qxh3 36. Rxh3 Rxf3+ 37. Ke2 Rf2+ 38. Kd3 axb3 39. axb3 Rf3+ 40. Kc2 Kf7 41.
Kb2 Kg6 42. Ka3 Kh5 43. Ka4 Kg4 44. Rh2 h3 45. Kb5 Kh4 46. Ra2 g2 47. Kc6 Rf1
48. Rgxg2 hxg2 49. Rxg2 Rf7 50. Kb5 Rf3 51. Kc6 Rf7 52. Ra2 Kg4 53. Ra7 Kf4 54.
Rxc7 Rxc7+ 55. Kxc7 Be7 56. Kd7 Bf8 57. Ke8 Kxe4 58. Kxf8 Kd4 59. Ke7 e4 60.
Kxd6 e3 61. Kc6 e2 62. d6 e1=Q 63. d7 Qe6+ 64. Kc7 Qd6+ 65. Kxd6 {Black resigns}
1-0

[Event "Team 45 45 League T50"]
[Site "Internet Chess Club"]
[Date "2011.08.11"]
[Round "1"]
[White "alara"]
[Black "Monsieur"]
[Result "1-0"]
[WhiteElo "1409"]
[BlackElo "1477"]
[Opening "Scotch: Schmidt variation"]
[ECO "C45"]
[Time "20:00:38"]
[TimeControl "2700+45"]

1. e4 e5 2. Nf3 Nc6 3. d4 exd4 4. Nxd4 Nf6 5. Nc3 Bb4 6. Nxc6 bxc6 7. Bd3 O-O 8.
O-O Re8 9. Bg5 d6 10. f4 h6 11. Bh4 Bc5+ 12. Kh1 Bg4 13. Bxf6 Bxd1 14. Bxd8 Bxc2
15. Bxc2 Raxd8 16. Rae1 d5 17. exd5 Rxe1 18. Rxe1 cxd5 19. Rd1 d4 20. Ne4 Bb6
21. g3 f5 22. Nf2 g6 23. Nd3 h5 24. Ne5 Kg7 25. Kg2 c5 26. Bd3 Rh8 27. h4 Re8
28. b3 a5 29. Bc4 Bc7 30. Re1 Rd8 31. Nc6 Rd7 32. Re7+ Rxe7 33. Nxe7 Bd6 34. Nc6
Bc7 35. Kf3 Kf6 36. Bd5 Kg7 37. Ke2 Kf8 38. Kd3 Ke8 39. Ne5 Ke7 40. Nxg6+ Kf6
41. Nf8 Ke7 42. Ne6 Bb6 43. Ng5 Kd6 44. Be6 Ba7 45. Bxf5 a4 46. Bg6 axb3 47.
axb3 c4+ 48. Kxc4 Ke7 49. Bxh5 Kf6 50. Nf3 d3 51. Kxd3 Bf2 52. g4 Bg3 53. f5 Bf2
54. Bg6 Kg7 55. g5 Kh8 56. h5 Bc5 57. Be8 Be7 58. f6 Bf8 59. g6 Bh6 60. g7+ Kh7
61. Bf7 {Black resigns} 1-0

[Event "Team 45 45 League T50"]
[Site "Internet Chess Club"]
[Date "2011.08.13"]
[Round "1"]
[White "MateIn42"]
[Black "AlPearson"]
[Result "1-0"]
[WhiteElo "1405"]
[BlackElo "1284"]
[Opening "Caro-Kann: classical variation"]
[ECO "B18"]
[Time "13:17:02"]
[TimeControl "2700+45"]

1. e4 c6 2. d4 d5 3. Nc3 dxe4 4. Nxe4 Bf5 5. Ng3 Bg6 6. Nf3 Nd7 7. Nh4 e6 8.
Nxg6 hxg6 9. Bd2 Qb6 10. Bc3 Ngf6 11. b3 Bb4 12. Bxb4 Qxb4+ 13. Qd2 Nd5 14. Bd3
Ke7 15. c4 Qxd2+ 16. Kxd2 Nf4 17. Be4 Nf6 18. Bf3 Rad8 19. Ke3 N4h5 20. Nxh5
gxh5 21. h3 h4 22. Rad1 Rd7 23. Kf4 Rhd8 24. Ke5 Ne8 25. Rd2 Nd6 26. Rhd1 f6+
27. Kf4 g5+ 28. Ke3 c5 29. dxc5 Nf5+ 30. Ke2 Nd4+ 31. Ke1 Nxf3+ 32. gxf3 Rc7 33.
Rxd8 {Black resigns} 1-0

[Event "Team 45 45 League T50"]
[Site "Internet Chess Club"]
[Date "2011.08.14"]
[Round "1"]
[White "Zumbi"]
[Black "MikeA"]
[Result "1/2-1/2"]
[WhiteElo "2211"]
[BlackElo "2222"]
[Opening "Pirc defense"]
[ECO "B07"]
[Time "19:23:35"]
[TimeControl "2700+45"]

1. e4 d6 2. d4 Nf6 3. Nc3 g6 4. Be3 Bg7 5. Qd2 O-O 6. O-O-O Nc6 7. f3 a6 8. g4
b5 9. h4 h5 10. Bh6 e5 11. dxe5 dxe5 12. Nd5 hxg4 13. Bg5 Qd6 14. Nxf6+ Bxf6 15.
Qxd6 Bxg5+ 16. hxg5 cxd6 17. Rxd6 Nd4 18. f4 Re8 19. c3 Ne6 20. f5 Nxg5 21. fxg6
Bb7 22. gxf7+ Kxf7 23. Rh5 Re6 24. Rd7+ Kg6 {Game drawn by mutual agreement}
1/2-1/2

[Event "Team 45 45 League T50"]
[Site "Internet Chess Club"]
[Date "2011.08.14"]
[Round "1"]
[White "Kueh"]
[Black "grabuark"]
[Result "0-1"]
[WhiteElo "1988"]
[BlackElo "2082"]
[Opening "Sicilian: Canal-Sokolsky attack, 3...Bd7"]
[ECO "B52"]
[Time "18:22:24"]
[TimeControl "2700+45"]

1. e4 c5 2. Nf3 d6 3. Bb5+ Bd7 4. Bxd7+ Qxd7 5. O-O Nc6 6. c3 Nf6 7. Re1 e6 8.
d4 cxd4 9. cxd4 d5 10. e5 Ne4 11. Be3 Be7 12. Nbd2 O-O 13. Rc1 Nb4 14. Qb3 a5
15. a4 b5 16. Ra1 Rfc8 17. Red1 Nc2 18. Ra2 Rab8 19. Nxe4 dxe4 20. Nd2 bxa4 21.
Qxa4 Qxa4 22. Rxa4 Nxe3 23. fxe3 Rxb2 24. Rxa5 Bb4 25. Rc5 {White resigns} 0-1

[Event "Team 45 45 League T50"]
[Site "Internet Chess Club"]
[Date "2011.08.13"]
[Round "1"]
[White "Tobiasdelmonte"]
[Black "primerpaso"]
[Result "0-1"]
[WhiteElo "1824"]
[BlackElo "1870"]
[Opening "QGD: classical variation (5.Bf4)"]
[ECO "D37"]
[Time "17:03:21"]
[TimeControl "2700+45"]

1. d4 Nf6 2. c4 e6 3. Nf3 d5 4. Nc3 Be7 5. Bf4 O-O 6. e3 c5 7. cxd5 Nxd5 8. Be5
Nc6 9. Bg3 Qa5 10. Qd2 cxd4 11. Nxd4 Nxd4 12. Nxd5 Qxd5 13. Qxd4 Qa5+ 14. Ke2
Rd8 15. Qc3 Bb4 16. Qe5 Rd5 17. Qc7 Rd2+ 18. Kf3 Qh5+ {White resigns} 0-1

[Event "Team 45 45 League T50"]
[Site "Internet Chess Club"]
[Date "2011.08.15"]
[Round "1"]
[White "CaoCao"]
[Black "check-man"]
[Result "1/2-1/2"]
[WhiteElo "1884"]
[BlackElo "1750"]
[Opening "Sicilian: Pelikan, Chelyabinsk variation"]
[ECO "B33"]
[Time "15:01:06"]
[TimeControl "2700+45"]

1. e4 c5 2. Nf3 Nc6 3. d4 cxd4 4. Nxd4 Nf6 5. Nc3 e5 6. Ndb5 d6 7. Bg5 a6 8. Na3
b5 9. Nd5 Be7 10. Nxe7 Qxe7 11. c4 b4 12. Nc2 h6 13. Bxf6 Qxf6 14. Ne3 O-O 15.
Bd3 Nd4 16. O-O a5 17. Qd2 Qg5 18. Kh1 Be6 19. Rad1 Rfc8 20. b3 Rc5 21. Nc2 Qxd2
22. Rxd2 Nxc2 23. Bxc2 Rd8 24. Rfd1 Rc6 25. Bd3 Kf8 26. Be2 Ke7 27. h3 g6 28.
Bf3 a4 29. Kh2 h5 30. g4 hxg4 31. hxg4 Ra8 32. Kg3 axb3 33. axb3 Ra3 34. Rd3 g5
35. R1d2 Rca6 36. Bd1 Ra2 37. f3 f6 38. Kf2 Ra1 39. Ke3 R1a2 40. Rxa2 Rxa2 41.
Rd2 {Game drawn by mutual agreement} 1/2-1/2

[Event "Team 45 45 League T50"]
[Site "Internet Chess Club"]
[Date "2011.08.12"]
[Round "1"]
[White "Ptzz"]
[Black "Pason"]
[Result "1/2-1/2"]
[WhiteElo "2125"]
[BlackElo "2080"]
[Opening "Nimzo-Indian: classical variation"]
[ECO "E32"]
[Time "13:00:43"]
[TimeControl "2700+45"]

1. d4 e6 2. c4 Nf6 3. Nc3 Bb4 4. Qc2 O-O 5. e4 d5 6. e5 Ne4 7. Bd3 c5 8. cxd5
exd5 9. Ne2 Nc6 10. O-O Bf5 11. Nxe4 dxe4 12. Bxe4 Bxe4 13. Qxe4 cxd4 14. Rd1
Bc5 15. a3 Re8 16. Bf4 Qe7 17. b4 Bb6 18. h3 Rad8 19. b5 Nxe5 20. Nxd4 Ng6 21.
Qxe7 Rxe7 22. Nf5 Ree8 23. Bg3 Bc5 24. a4 f6 25. Rac1 Bb6 26. Nd6 Re7 27. Nc8
Red7 28. Rxd7 Rxd7 29. Nxb6 axb6 30. Rc7 Nf8 31. Rc8 Kf7 32. f3 Ne6 33. Bf2 Rd1+
34. Kh2 Ra1 35. Rc4 g5 36. Bxb6 Ra2 37. Be3 Ra3 38. Bg1 Ra2 39. Be3 Ra3 40. Bb6
Ra2 41. Bc7 h5 42. Bd6 h4 43. b6 Rd2 44. Bc7 Ra2 45. Bd6 Rd2 46. Bc7 Ra2 47. Rb4
Rc2 48. Bb8 Ra2 49. f4 Ke7 50. fxg5 fxg5 51. Be5 Re2 52. Bc7 Rc2 53. Rb5 Nd4 54.
Re5+ Kf6 55. Kg1 Ne6 56. Rb5 Nxc7 57. bxc7 Rxc7 58. a5 Kg6 59. Kf2 Re7 60. Kf3
Rf7+ 61. Ke3 Rd7 62. Rb6+ Kf5 63. Rb5+ Kg6 64. Ke4 Rd2 65. Rxb7 Rxg2 66. a6 Ra2
67. a7 Kh5 68. Rh7+ Kg6 69. Rb7 Kh5 70. Rh7+ Kg6 71. Rc7 Kh5 72. Kf5 Ra5+ 73.
Kf6 Ra6+ 74. Kg7 Ra5 75. Kf8 Kh6 76. Rc6+ Kh5 77. Rc7 Kg6 78. Rg7+ Kf5 79. Ke8
Kf4 80. Kf8 Ra6 81. Kg8 Kg3 82. Rxg5+ Kxh3 83. Rg7 Kh2 84. Kf8 h3 85. Kg8 {Game
drawn by mutual agreement} 1/2-1/2

[Event "Team 45 45 League T50"]
[Site "Internet Chess Club"]
[Date "2011.08.13"]
[Round "1"]
[White "pkktet"]
[Black "Jack-ONeill"]
[Result "0-1"]
[WhiteElo "1881"]
[BlackElo "2005"]
[Opening "Ruy Lopez: classical defense, Benelux variation"]
[ECO "C64"]
[Time "10:00:26"]
[TimeControl "2700+45"]

1. e4 e5 2. Nf3 Nc6 3. Bb5 Bc5 4. c3 Nf6 5. O-O O-O 6. d4 Bb6 7. Bg5 d6 8. Bxc6
bxc6 9. dxe5 dxe5 10. Qxd8 Rxd8 11. Nxe5 Ba6 12. Nxc6 Bxf1 13. Nxd8 Rxd8 14.
Kxf1 Rd1+ 15. Ke2 Rg1 16. Bxf6 gxf6 17. a4 Rxg2 18. Nd2 Rxf2+ 19. Kd3 Rxh2 20.
Nc4 Bf2 21. Rf1 Kg7 22. b4 h5 23. Ne3 Bxe3 24. Kxe3 h4 25. Rf5 Kg6 26. c4 h3 27.
Kf3 Rc2 28. Kg3 h2 29. Rf1 Rxc4 30. Kxh2 Rxb4 31. Rc1 Rxe4 32. Rxc7 Rxa4 33. Kg3
f5 34. Kf3 f6 35. Rb7 f4 36. Rd7 Kg5 37. Rd5+ f5 38. Rd7 Ra3+ 39. Kf2 f3 {White
resigns} 0-1

[Event "Team 45 45 League T50"]
[Site "Internet Chess Club"]
[Date "2011.08.14"]
[Round "1"]
[White "Despair"]
[Black "poni"]
[Result "1-0"]
[WhiteElo "2068"]
[BlackElo "1934"]
[Opening "Benko's opening"]
[ECO "A00"]
[Time "11:00:26"]
[TimeControl "2700+45"]

1. g3 d6 2. Bg2 e5 3. d4 exd4 4. Nf3 Be7 5. c3 dxc3 6. Nxc3 Nf6 7. O-O O-O 8.
Qb3 Nbd7 9. Rd1 Nc5 10. Qc2 c6 11. e4 Qb6 12. Bf4 Re8 13. e5 dxe5 14. Nxe5 Be6
15. Be3 Qc7 16. Bd4 Rad8 17. f4 Ng4 18. Nf3 f6 19. Rac1 Qa5 20. f5 Bf7 21. h3
Ne5 22. Bxe5 fxe5 23. Nxe5 Bh5 24. g4 Bg5 25. Rxd8 Qxd8 26. Rd1 Qb6 27. Nc4 Qb4
28. Nd6 Bxg4 29. Nxe8 Bxd1 30. Nxd1 Qd4+ 31. Kh1 Qe5 32. Qc3 Qe7 33. Qc4+ Kh8
34. Bf3 Qe1+ 35. Kg2 Bh4 36. Qg4 Qd2+ 37. Be2 Qd5+ 38. Kg1 Qe5 39. Nd6 Bf6 40.
Nf7+ {Black resigns} 1-0

[Event "Team 45 45 League T50"]
[Site "Internet Chess Club"]
[Date "2011.08.14"]
[Round "1"]
[White "koni"]
[Black "pishd"]
[Result "1-0"]
[WhiteElo "1857"]
[BlackElo "1763"]
[Opening "Caro-Kann: closed (Breyer) variation"]
[ECO "B10"]
[Time "11:10:42"]
[TimeControl "2700+45"]

1. e4 c6 2. d3 d5 3. Nd2 e5 4. Ngf3 Bd6 5. g3 Nf6 6. Bg2 O-O 7. O-O Qc7 8. Re1
Be6 9. h3 h6 10. b3 Nbd7 11. Bb2 dxe4 12. dxe4 Rad8 13. Qe2 Rfe8 14. Red1 Nf8
15. Nc4 Ng6 16. Nxd6 Rxd6 17. Rxd6 Qxd6 18. Rd1 Qc7 19. Rd3 Re7 20. Nd2 Rd7 21.
f3 b5 22. Kh2 c5 23. Rxd7 Bxd7 24. c4 a6 25. Qd3 Ne7 26. Nf1 b4 27. a3 a5 28. a4
Nc6 29. Ne3 Nd4 30. Nd5 Qd6 31. f4 Nxd5 32. exd5 f6 33. fxe5 fxe5 34. Be4 Qf6
35. Kg2 Kf7 36. Bc1 Bc8 37. Be3 Bd7 38. Bf2 Bc8 39. g4 g5 40. Bg3 Bd7 41. Bf3
Bc8 42. Bd1 Kg8 43. Qe4 Bd7 44. Bxe5 Qb6 45. Bxd4 cxd4 46. Bc2 Qf6 47. Qh7+ Kf8
48. Qxd7 d3 49. Bxd3 Qb2+ 50. Kf3 Qxb3 51. Qf5+ Ke8 52. d6 Qd1+ 53. Ke4 Qxa4 54.
Qe6+ Kd8 55. Qe7+ Kc8 56. Qc7# {Black checkmated} 1-0

[Event "Team 45 45 League T50"]
[Site "Internet Chess Club"]
[Date "2011.08.13"]
[Round "1"]
[White "DreamCatcher13"]
[Black "fledermaus"]
[Result "0-1"]
[WhiteElo "1919"]
[BlackElo "1947"]
[Opening "Sicilian: Scheveningen, Keres attack"]
[ECO "B81"]
[Time "11:47:39"]
[TimeControl "2700+45"]

1. e4 c5 2. Nf3 e6 3. d4 cxd4 4. Nxd4 Nf6 5. Nc3 d6 6. g4 h6 7. h4 Be7 8. Rg1 d5
9. Bb5+ Kf8 10. exd5 Nxd5 11. Nxd5 Qxd5 12. Be3 e5 13. c4 Qe4 14. Qf3 Bb4+ 15.
Ke2 Qxf3+ 16. Nxf3 Bd6 17. Rad1 Ke7 18. c5 Bc7 19. g5 h5 20. Nd2 Be6 21. Bc4 Nc6
22. Bxe6 Kxe6 23. Ne4 Rad8 24. a3 Rxd1 25. Rxd1 Rd8 26. Rxd8 Nxd8 27. Kd3 Nc6
28. b4 a6 29. Ng3 g6 30. Ne4 Ne7 31. f3 Nd5 32. Bd2 f5 33. gxf6 Nxf6 34. Nxf6
Kxf6 35. Ke4 Ke6 36. Be3 Bd8 37. Bg5 Bxg5 38. hxg5 h4 39. f4 h3 40. f5+ gxf5+
41. Kf3 e4+ 42. Kg3 e3 {White resigns} 0-1

[Event "Team 45 45 League T50"]
[Site "Internet Chess Club"]
[Date "2011.08.14"]
[Round "1"]
[White "chessateer"]
[Black "GeorgeCostanza"]
[Result "1-0"]
[WhiteElo "1857"]
[BlackElo "1803"]
[Opening "Caro-Kann: two knights, 3...Bg4"]
[ECO "B11"]
[Time "09:00:33"]
[TimeControl "2700+45"]

1. e4 c6 2. Nc3 d5 3. Nf3 Bg4 4. h3 Bh5 5. d4 e6 6. e5 Ne7 7. Be2 c5 8. O-O Nec6
9. Be3 Nd7 10. Nb5 Bxf3 11. Bxf3 cxd4 12. Bxd4 Nxd4 13. Qxd4 Qb6 14. Qxb6 Nxb6
15. Nc7+ Kd7 16. Nxa8 Nxa8 17. c4 Nb6 18. cxd5 exd5 19. Bg4+ Kd8 20. Rac1 h5 21.
Bf3 g5 22. Rfd1 Bg7 23. Bxd5 Ke8 24. Bxb7 Bxe5 25. b3 Rh6 26. Rc6 f6 27. Rc2 Kf7
28. a4 {Black resigns} 1-0

[Event "Team 45 45 League T50"]
[Site "Internet Chess Club"]
[Date "2011.08.11"]
[Round "1"]
[White "toukon"]
[Black "ddlj81"]
[Result "0-1"]
[WhiteElo "1693"]
[BlackElo "1773"]
[Opening "QGD semi-Slav: Meran, Blumenfeld variation"]
[ECO "D49"]
[Time "22:03:50"]
[TimeControl "2700+45"]

1. d4 d5 2. c4 c6 3. Nc3 Nf6 4. Nf3 e6 5. e3 Nbd7 6. Bd3 dxc4 7. Bxc4 b5 8. Bd3
a6 9. e4 c5 10. e5 cxd4 11. Nxb5 axb5 12. exf6 gxf6 13. O-O Qb6 14. Qe2 Bb7 15.
Bxb5 Rg8 16. Bd3 f5 17. Bf4 Rg4 18. Bd2 Bd6 19. Rfc1 Ke7 20. Bxf5 Rxg2+ 21. Kxg2
Rg8+ 22. Kf1 Bxf3 23. Qxf3 Ne5 24. Qe4 Qb5+ 25. Qe2 Rg1+ 26. Kxg1 Qxe2 27. Bg5+
Kd7 28. Bc2 Nf3+ 29. Kg2 Nxg5 30. Ba4+ Ke7 31. Rc2 Qf3+ 32. Kf1 Qh1+ {White
resigns} 0-1

[Event "Team 45 45 League T50"]
[Site "Internet Chess Club"]
[Date "2011.08.15"]
[Round "1"]
[White "parrot9"]
[Black "Packerfan"]
[Result "0-1"]
[WhiteElo "1563"]
[BlackElo "1805"]
[Opening "Ruy Lopez: Schliemann defense"]
[ECO "C63"]
[Time "15:00:26"]
[TimeControl "2700+45"]

1. e4 e5 2. Nf3 Nc6 3. Bb5 f5 4. d3 fxe4 5. dxe4 Nf6 6. O-O Bc5 7. Bg5 d6 8. Nc3
h6 9. Bh4 Bd7 10. Nd5 g5 11. Nxg5 Nd4 12. Bxd7+ Kxd7 13. Nf7 Qg8 14. Nxh8 Nxd5
15. exd5 Rf8 16. Bg3 Qg7 17. c3 Nf5 18. Qa4+ Kc8 19. Qe4 Qxh8 20. b4 Bb6 21. a4
a6 22. b5 a5 23. Qe1 h5 24. Bxe5 dxe5 25. Rc1 Qg7 26. c4 Nh4 27. Qe4 Rf4 {White
resigns} 0-1

[Event "Team 45 45 League T50"]
[Site "Internet Chess Club"]
[Date "2011.08.11"]
[Round "1"]
[White "Wheels"]
[Black "charles-allen"]
[Result "0-1"]
[WhiteElo "1814"]
[BlackElo "1903"]
[Opening "Petrov: classical attack"]
[ECO "C42"]
[Time "21:00:17"]
[TimeControl "2700+45"]

1. e4 e5 2. Nf3 Nf6 3. Nxe5 d6 4. Nf3 Nxe4 5. d4 d5 6. Bd3 Be7 7. O-O Bf5 8. Bf4
Nc6 9. a3 O-O 10. Nbd2 Nxd2 11. Qxd2 Bxd3 12. Qxd3 Bd6 13. Bxd6 Qxd6 14. Rfe1
Rfe8 15. Re2 Qd7 16. Rae1 Rxe2 17. Qxe2 f6 18. Kf1 Kf7 19. Qd2 Re8 20. Rxe8 Qxe8
21. Qf4 Qd7 22. Ke2 Ke7 23. Kd3 g5 24. Qe3+ Kd6 25. b3 Qg4 26. g3 Qf5+ 27. Kd2
Qe4 28. Qd3 g4 29. Qxe4 dxe4 30. Ne1 Nxd4 31. Ke3 Ke5 32. b4 Nb5 33. a4 Nc3 34.
a5 Nd5+ {White resigns} 0-1

[Event "Team 45 45 League T50"]
[Site "Internet Chess Club"]
[Date "2011.08.12"]
[Round "1"]
[White "flyingpawns"]
[Black "Philly-Boy"]
[Result "0-1"]
[WhiteElo "1778"]
[BlackElo "1869"]
[Opening "Queen's Indian: Petrosian system"]
[ECO "E12"]
[Time "15:01:19"]
[TimeControl "2700+45"]

1. d4 Nf6 2. c4 e6 3. Nf3 b6 4. a3 a5 5. Nc3 Ba6 6. e3 d5 7. b3 Be7 8. Bd3 O-O
9. O-O Nbd7 10. Bb2 Rc8 11. cxd5 Bxd3 12. Qxd3 exd5 13. Rac1 c5 14. Nb5 a4 15.
bxa4 c4 16. Qd1 Ne4 17. Nd2 f5 18. Nxe4 fxe4 19. Qg4 Nf6 20. Qe6+ Kh8 21. Na7
Rc7 22. Qxb6 Qd7 23. Nb5 Rb7 24. Qa5 Ng4 25. h3 Nh6 26. Bc3 Rfb8 27. Rb1 Nf5 28.
Bd2 Bd8 29. Qc3 g5 30. Qc2 g4 31. g3 gxh3 32. Kh2 Nh6 33. f3 exf3 34. Rxf3 Ng4+
35. Kh1 Bg5 36. Rbf1 Qg7 37. Qf5 h5 38. Qxd5 c3 39. Bc1 Rg8 40. Nd6 Qg6 41. Nxb7
Qc2 42. R3f2 Nxf2+ 43. Rxf2 Qxf2 44. Qe5+ Kh7 45. Qe4+ Kh6 46. Qe6+ Rg6 47. Qxh3
Qe1+ 48. Kh2 Qxc1 49. g4 Qd2+ 50. Kh1 Qe1+ 51. Kh2 Qf2+ 52. Kh1 h4 53. Nd8
{White resigns} 0-1

[Event "Team 45 45 League T50"]
[Site "Internet Chess Club"]
[Date "2011.08.14"]
[Round "1"]
[White "redarmy44"]
[Black "j65536d"]
[Result "1-0"]
[WhiteElo "1627"]
[BlackElo "1748"]
[Opening "Sicilian: dragon, Yugoslav attack, Rauser variation"]
[ECO "B76"]
[Time "15:00:16"]
[TimeControl "2700+45"]

1. e4 c5 2. Nf3 d6 3. d4 cxd4 4. Nxd4 Nf6 5. Nc3 g6 6. Be3 Bg7 7. f3 O-O 8. Qd2
Nc6 9. O-O-O Nxd4 10. Bxd4 Be6 11. Kb1 Rc8 12. h4 b5 13. Bxb5 Qa5 14. a4 Rb8 15.
Nd5 Qd8 16. Bxa7 Rb7 17. Bd4 Nxd5 18. Bxg7 Kxg7 19. exd5 Bf5 20. Qd4+ Kg8 21. g4
Bc8 22. h5 g5 23. h6 f6 24. Bc6 Rc7 25. f4 e5 26. fxe5 fxe5 27. Qb6 Bxg4 28.
Rdg1 Bf3 29. Rxg5+ Qxg5 30. Rg1 Qxg1+ 31. Qxg1+ Kh8 32. a5 Be2 33. Qb6 Rcf7 34.
a6 Bc4 35. b3 Bxa6 36. Qxa6 Rf6 37. Qa7 Rxh6 38. Qe7 Rhf6 39. b4 h5 40. b5 h4
41. Qd7 Rh6 42. Qh3 e4 43. Bd7 Rf3 44. Qg2 h3 45. Bxh3 Rhxh3 46. Qg6 e3 47. Qxd6
Rh1+ 48. Kb2 Rhf1 49. Qe5+ Kg8 50. b6 R1f2 51. b7 {Black resigns} 1-0